 Dungeon Crawl Stone Soup version 0.27-a0-1090-gb115f176c6 (webtiles) character file.

Game seed: 5054794325247292086

725 robertstho the Magician (level 7, -2/46 HPs)
             Began as a Djinni Fire Elementalist on Apr 27, 2021.
             Was an Initiate of Ashenzari.
             Slain by an orc
             ... wielding a +0 club
              (3 damage)
             ... on level 5 of the Dungeon.
             The game lasted 00:08:53 (5980 turns).

robertstho the Magician (Djinni Fire Elementalist)  Turns: 5980, Time: 00:08:54

Health: -2/46      AC:  2    Str:  7    XL:     7   Next: 71%
Gold:   209        EV: 12    Int: 19    God:    Ashenzari [......] SH:  0 Dex: 13

rFire    + + +     SeeInvis .   f - +2 short sword "Yoke of Ashenzari" {venom, Range, Self} (curse)
rCold    x x .     Faith    .   (no shield)
rNeg     . . .     Spirit   .   a - +0 robe
rPois    ∞         Reflect  .   (no helmet)
rElec    .         Harm     .   (no cloak)
rCorr    .         Rampage  .   (no gloves)
Will     .....                  (boots unavailable)
Stlth    ++........             (no amulet)
HPRegen  0.15/turn              l - ring of fire
MPRegen  0.00/turn              (no ring)

@: flying, very slightly contaminated
A: fire resistance 2, cold vulnerability 1, float, innate caster, hp casting,
extra vitality 1
a: Renounce Religion, Shatter the Chains


You were on level 5 of the Dungeon.
You worshipped Ashenzari.
Ashenzari was noncommittal.
You visited 2 branches of the dungeon, and saw 6 of its levels.

You collected 209 gold pieces.

Inventory:

Hand Weapons
 f - the cursed +2 short sword "Yoke of Ashenzari" (weapon) {venom, Range, Self}
   (You took it off a kobold on level 1 of the Dungeon)

   It poisons the flesh of those it strikes.
   It has a curse which improves the following skills: Ranged Combat: Slings,
   Bows, Crossbows and Throwing.
   Introspection: Fighting and Spellcasting.
Missiles
 e - 8 silver javelins
Armour
 a - a +0 robe (worn)
Jewellery
 l - a ring of fire (left hand)
Wands
 b - a wand of flame (10)
 n - a wand of iceblast (7)
Scrolls
 c - 2 scrolls of fear
 g - a scroll of magic mapping
 h - a scroll of enchant weapon
 i - 2 scrolls of teleportation
 j - 2 scrolls of fog
 k - a scroll of holy word
 p - 2 scrolls of immolation
Potions
 m - a potion of brilliance
 o - a potion of cancellation


   Skills:
 + Level 0.2(0.3) Fighting
 + Level 2.7 Dodging
 + Level 3.6 Stealth
 + Level 6.6(7.1) Spellcasting


You couldn't memorise any spells.
You knew the following spells:

 Your Spells              Type           Power      Damage    Failure   Level
a - Foxfire               Conj/Fire      100%       2x1d9     1%          1
b - Conjure Flame         Conj/Fire      50%        6-21      1%          3
c - Inner Flame           Hex/Fire       50%        N/A       1%          3
d - Sticky Flame          Conj/Fire      50%        2d7       5%          4
e - Fireball              Conj/Fire      25%        3d11      14%         5
f - Shock                 Conj/Air       100%       1d9       1%          1
g - Slow                  Hex            34%        N/A       1%          2
h - Dazzling Flash        Conj/Hex       68%        N/A       1%          3
Your spell library was empty.

Dungeon Overview and Level Annotations

Branches:
Dungeon (5/15)             Temple (1/1) D:4

Altars:
Ashenzari
Dithmenos
Gozag
Hepliaklqana
Nemelex Xobeh
Ru
Sif Muna
Uskayaw
Vehumet
The Shining One
Lugonu


Innate Abilities, Weirdness & Mutations

You are immune to poison.
Your flesh is very heat resistant. (rF++)
You are vulnerable to cold. (rC-)
You float through the air rather than walking.
You learn spells naturally, not from books.
Your magical power is your life essence.
You have superior vitality. (+4 HP)


Message History

The orc closely misses you.
An orc wizard comes into view. It is wielding a +0 dagger.
Casting: Sticky Flame (dangerous; 5% risk of failure)
Confirm with . or Enter, or press ? or * to list all spells.
Aiming: Sticky Flame (dangerous; 5% risk of failure)
Press: ? - help, Shift-Dir - straight line, f - orc wizard
Aim: an orc wizard, wielding a +0 dagger and wearing a +0 robe (100% to hit)
You feel a surge of power!
You miscast Sticky Flame.
You are very lightly contaminated with residual magic.
Nothing appears to happen.
The orc hits you with a +0 club.
Unknown command.
Casting: Sticky Flame (dangerous; 5% risk of failure)
Confirm with . or Enter, or press ? or * to list all spells.
Aiming: Sticky Flame (dangerous; 5% risk of failure)
Press: ? - help, Shift-Dir - straight line, f/p - orc wizard
Aim: an orc wizard, wielding a +0 dagger and wearing a +0 robe (100% to hit)
You feel a surge of power!
The sticky flame hits the orc wizard.
The orc wizard is moderately wounded.
The orc wizard is covered in liquid flames!
The orc wizard burns!
The orc wizard completely misses you. The orc hits you with a +0 club.
The orc wizard hits you with a +0 dagger.
Casting: Sticky Flame (dangerous; 5% risk of failure)
Confirm with . or Enter, or press ? or * to list all spells.
Aiming: Sticky Flame (dangerous; 5% risk of failure)
Press: ? - help, Shift-Dir - straight line, f - orc wizard, p - orc wizard
Aim: an orc wizard, wielding a +0 dagger and wearing a +0 robe (100% to hit)
You feel a surge of power!
The sticky flame hits the orc wizard.
The orc wizard is moderately wounded.
The orc wizard is covered in liquid flames!
* * * LOW HITPOINT WARNING * * *
The orc wizard burns! x2; The orc wizard misses you.
The orc hits you with a +0 club.
* * * LOW HITPOINT WARNING * * *
The orc wizard hits you with a +0 dagger.
* * * LOW HITPOINT WARNING * * *
The orc wizard burns! x2
You kill the orc wizard!
The orc hits you with a +0 club.
You die...

#.... #.... #.... #######
##.... #### #.....# #.....
..# #.....####.....
######o###.....'..#.....
#....).o.#.....##.#.....
#......@.#####.##.#.....
#........##....##.#.##..
#........##.#####.#.....
#...)....##.# #.#####.
#.)......'..#####.# ##.
####........####...#<# #..
#....###########...######..
#.##.# #.†))............
#.##.# #.############...


You could see an orc wizard (burning) and an orc.

Vanquished Creatures
  Sigmund (D:5)
  A necrophage (D:4)
  A jelly (D:5)
  2 orc priests (D:5)
  A hound (D:5)
  An iguana (D:4)
  Natasha (thrice) (D:3)
  5 orc wizards
  A gnoll (D:1)
  5 adders
  An ufetubus (D:4)
  An adder skeleton (D:4)
  6 worms
  11 orcs
  6 endoplasms
  4 giant cockroaches
  7 goblins
  5 hobgoblins
  8 jackals
  2 kobolds (D:1)
  4 quokkas
  5 ball pythons
  6 bats
  3 frilled lizards
  A jackal skeleton (D:4)
  7 rats
98 creatures vanquished.

Vanquished Creatures (others)
  425 foxfires
425 creatures vanquished.

Grand Total: 523 creatures vanquished

Notes
Turn   | Place    | Note
-------+----------+-------------------------------------------
     0 | D:1      | robertstho the Djinni Fire Elementalist began the quest for
                  | the Orb.
     0 | D:1      | Reached XP level 1. HP: 15/15 MP: 0/0
   394 | D:1      | Reached skill level 3 in Spellcasting
   529 | D:1      | Reached XP level 2. HP: 17/21 MP: 0/0
   960 | D:1      | Reached XP level 3. HP: 20/25 MP: 0/0
   960 | D:1      | Learned a level 1 spell: Shock
  1095 | D:1      | Found a faded altar of an unknown god.
  2093 | D:2      | Reached XP level 4. HP: 27/31 MP: 0/0
  2322 | D:2      | Reached skill level 4 in Spellcasting
  2749 | D:3      | Noticed Natasha
  2754 | D:3      | Killed Natasha
  2755 | D:3      | Reached XP level 5. HP: 32/35 MP: 0/0
  2755 | D:3      | Learned a level 2 spell: Slow
  3251 | D:3      | Noticed Natasha
  3257 | D:3      | Killed Natasha
  3258 | D:3      | Reached skill level 5 in Spellcasting
  3258 | D:3      | Reached XP level 6. HP: 36/40 MP: 0/0
  3653 | D:3      | Noticed Natasha
  3659 | D:3      | Killed Natasha
  3732 | D:3      | Found a hide-covered altar of Uskayaw.
  4240 | D:3      | Found a sacrificial altar of Ru.
  4352 | D:4      | Found a staircase to the Ecumenical Temple.
  4366 | Temple   | Entered the Ecumenical Temple
  4395 | Temple   | Became a worshipper of Ashenzari the Shackled
  4499 | D:4      | Found a hazy altar of Hepliaklqana.
  4564 | D:4      | Noticed a necrophage
  4572 | D:4      | Killed a necrophage
  4938 | D:4      | Reached XP level 7. HP: 39/45 MP: 0/0
  4938 | D:4      | Learned a level 3 spell: Dazzling Flash
  5135 | D:4      | Found an opulent altar of Gozag.
  5513 | D:5      | Entered Level 5 of the Dungeon
  5744 | D:5      | Reached skill level 6 in Spellcasting
  5881 | D:5      | Noticed Sigmund
  5888 | D:5      | Killed Sigmund
  5979 | D:5      | HP: 1/46 [orc wizard/+0 dagger (4)]
  5980 | D:5      | Slain by an orc

Illustrated notes

Levels and vault maps discovered:
D:1:      scummos_arrival_star, layout_loops_cross,
          hellmonk_ecumenical_altar_lost_god
D:2:      layout_basic
D:3:      layout_loops_ring, kennysheep_orc_sif_temple, general_overflow_altar,
          lemuel_crystal_altar, uniq_natasha
D:4:      layout_loops_ring, kennysheep_mini, nicolae_overflow_crystal_walls,
          minmay_temple_entry_ruins, grunt_decor_one_mirror
D:5:      layout_basic, serial_shops, shop_fountains,
          chequers_serial_rivers_micro_a, chequers_garden, dk_noncrumbling_3,
          uniq_sigmund
Temple:   corrupted_temple

Skill      XL: |  1  2  3  4  5  6  7 |
---------------+----------------------+-----
Spellcasting   | 3 4 5 6 |  6.6
Stealth        | 2 3 |  3.6
Fighting       | |  0.2
Dodging        | |  2.7

Action                   |  1- 3 |  4- 6 |  7- 9 || total
-------------------------+-------+-------+-------++-------
Melee: Short sword       |     2 |     5 |     4 ||    11
 Cast: Foxfire           |    84 |   132 |    56 ||   272
       Sticky Flame      |       |     2 |     3 ||     5
Invok: Curse Item        |       |     1 |       ||     1
  Use: Potion            |       |       |     1 ||     1
Armor: Robe              |     1 |     4 |       ||     5
Dodge: Dodged            |     4 |     8 |    10 ||    22

Table legend: (Time is in decaauts)
 A = Elapsed time spent in this place.
 B = Non-inter-level travel time spent in this place.
 C = Inter-level travel time spent in this place.
 D = Time resting spent in this place.
 E = Time spent auto-exploring this place.
 F = Levels seen in this place.
 G = Mean time per level.
                   A        B        C        D        E       F      G
               +--------+--------+--------+--------+--------+-----+--------+
         Total |   5978 |   5880 |     98 |    176 |   5103 |   6 |  996.3 |
       Dungeon |   5933 |   5855 |     78 |    176 |   5082 |   5 | 1186.6 |
        Temple |     45 |     25 |     20 |      0 |     21 |   1 |   45.0 |
               +--------+--------+--------+--------+--------+-----+--------+

Top non-repeatable levels by time:
     D:1: 1634 daAuts
     D:3: 1590 daAuts
     D:4: 1208 daAuts
     D:2: 1032 daAuts
     D:5: 467 daAuts
  Temple: 45 daAuts
